 Dungeon Crawl Stone Soup version 0.31.0-11-ge490571c62 (webtiles) character file.

Game seed: 11769921434772083163

122857 hikkokomori the Severer (level 16, -15/226 HPs)
             Began as a Minotaur Berserker on Feb 5, 2024.
             Was the Champion of Trog.
             Killed from afar by a tengu reaver (30 damage)
             ... with a bolt of acid
             ... led by Sojobo
             ... on level 2 of the Depths on Feb 7, 2024.
             The game lasted 00:59:50 (19534 turns).

hikkokomori the Severer (Minotaur Berserker)       Turns: 19534, Time: 00:59:50

Health: -15/226    AC: 22    Str: 25    XL:     16   Next: 35%
Magic:  15/15      EV: 19    Int:  4    God:    Trog [******]
Gold:   1628       SH: 13    Dex: 21    Spells: 15/15 levels left

rFire   . . .        g - +8 broad axe (heavy)
rCold   + + .        d - +0 kite shield
rNeg    + . .        M - +0 swamp dragon scales
rPois   +            L - +0 hat
rElec   .            w - +2 cloak {rC+}
rCorr   .            l - +2 pair of gloves of Whack-A-Mole {*Corrode rN+ Will+ SInv}
SInv    +            I - +2 pair of boots {Fly}
Will    ++...        j - amulet of regeneration Stlth
                     b - +6 ring of dexterity
HPRegen 1.37/turn    W - ring of protection from cold
MPRegen 0.14/turn

%: corrode self (3%)
@: berserking (expiring), flying, invisible, very quick
A: horns 2, retaliatory headbutt
a: Renounce Religion, Berserk, Trog's Hand, Brothers in Arms


You were on level 2 of the Depths.
You worshipped Trog.
Trog was exalted by your worship.
You visited 4 branches of the dungeon, and saw 24 of its levels.
You also visited: Ice Cave.

You collected 2197 gold pieces.
You spent 569 gold pieces at shops.

Inventory:

Hand Weapons
 g - a +8 heavy broad axe (weapon)
 u - the +11 demon trident of Springtime {flame, Will+}
   (Trog gifted it to you on level 2 of the Orcish Mines)

   Will+:     It increases your willpower.
 E - the +6 hand axe of Qoas {elec, rPois Will+}
   (You found it on level 7 of the Dungeon)

   rPois:     It protects you from poison Will+: It increases your willpower.
 V - a +1 heavy broad axe
Missiles
 A - 6 atropa-tipped darts (quivered)
 B - 6 darts of dispersal
Armour
 d - a +0 kite shield (worn)
 l - the +2 pair of gloves of Whack-A-Mole (worn) {*Corrode rN+ Will+ SInv}
   (You found it on level 14 of the Dungeon)

   rN+:       It protects you from negative energy.
   Will+:     It increases your willpower.
   SInv:      It lets you see invisible.
   *Corrode:  It may corrode you when you take damage.
 t - a +2 leather armour of fire resistance
 w - a +2 cloak of cold resistance (worn)
 I - a +2 pair of boots of flying (worn)
 J - a +1 buckler of protection
 L - a +0 hat (worn)
 M - +0 swamp dragon scales (worn)
 Z - the +0 ring mail "Vuhaq" {rElec rPois rC+}
   (You found it on level 1 of the Lair of Beasts)

   rC+:       It protects you from cold.
   rElec:     It insulates you from electricity.
   rPois:     It protects you from poison
Jewellery
 a - a ring of resist corrosion
 b - a +6 ring of dexterity (left hand)
 j - an amulet of regeneration (around neck)
 o - a ring of poison resistance
 C - a ring of see invisible
 S - an amulet of reflection
 W - a ring of protection from cold (right hand)
Wands
 F - a wand of roots (11)
 K - a wand of flame (16)
 T - a wand of charming (13)
Scrolls
 c - 3 scrolls of revelation
 f - a scroll of brand weapon
 h - 3 scrolls of blinking
 i - 3 scrolls of vulnerability
 r - 3 scrolls of fear
 y - a scroll of torment {unknown}
 D - a scroll of butterflies
 H - 2 scrolls of enchant weapon
 N - 5 scrolls of teleportation
 O - 4 scrolls of amnesia
 P - a scroll of silence
 U - 3 scrolls of poison
Potions
 e - 3 potions of berserk rage
 k - 3 potions of magic
 m - 6 potions of mutation
 n - 6 potions of attraction
 p - a potion of ambrosia
 s - 6 potions of heal wounds
 v - a potion of lignification
 x - 7 potions of curing
 z - 6 potions of brilliance
 G - 3 potions of enlightenment
 X - a potion of might
 Y - 4 potions of haste
Miscellaneous
 Q - a tin of tremorstones (1/2)
 R - a lightning rod (4/4)


   Skills:
 - Level 16.0 Fighting
 + Level 16.5(17.7) Axes
 - Level 11.0(15.1) Polearms
 - Level 15.0 Armour
 - Level 12.0 Dodging
 - Level 3.1 Stealth
 + Level 10.9 Shields
 - Level 10.0 Evocations


You had 15 spell levels left.
You didn't know any spells.
Your spell library contained the following spells:

 Spells                   Type           Power      Damage    Failure   Level
 Cigotuvi's Dreadful Rot  Necr/Alch/Air  0%         N/A       88%         2
 Dazzling Flash           Conj/Hex       0%         N/A       98%         3
 Hailstorm                Conj/Ice       0%         3d5       98%         3
 Summon Ice Beast         Ice/Summ       0%         N/A       98%         3
 Volatile Blastmotes      Fire/Tloc      0%         2d10      98%         3
 Martyr's Knell           Necr/Summ      0%         N/A       100%        4
 Metabolic Englaciation   Hex/Ice        0%         N/A       100%        5
 Death Channel            Necr           0%         N/A       100%        6
 Sculpt Simulacrum        Ice/Alch       0%         N/A       100%        6
 Starburst                Conj/Fire      0%         6d3       100%        6
 Ozocubu's Refrigeration  Ice            0%         4d7       100%        7
 Maxwell's Capacitive Co  Air            0%         ∞         100%        8
 Death's Door             Necr           0%         N/A       100%        9


Dungeon Overview and Level Annotations

Branches:
Dungeon (15/15)            Temple (0/1) D:5            Lair (5/5) D:11
 Shoals (0/4) Lair:2        Snake (0/4) Lair:2        Slime (0/5) Lair:5
    Orc (2/2) D:10            Elf (0/3) Orc:2        Vaults (0/5) D:13
 Depths (1/4) D:15          IceCv (visited)

Altars:
Ashenzari
Cheibriados
Elyvilon
Fedhas
Gozag
Hepliaklqana
Nemelex Xobeh
Qazlal
Ru
Trog
Uskayaw
Wu Jian
Xom
Zin
The Shining One

Shops:
D:2 [   D:3 =   D:8 =   D:11 *[   Orc:1 *   Orc:2 (*[*[

Annotations:
Depths:2 Sojobo


Innate Abilities, Weirdness & Mutations

You have a pair of horns on your head.
You reflexively headbutt those who attack you in melee.


Message History

The spriggan air mage is knocked back by the gust of wind.
The spriggan air mage slams into the rock wall!
The spriggan air mage is severely wounded.
Unknown command.
The ice dragon roars deafeningly!
You hit Sojobo. Your headbutt misses Sojobo.
Sojobo is severely wounded.
You miss the spriggan air mage.
The fire dragon roars deafeningly!
The stone giant shouts!
The brown ugly thing gurgles horribly!
You hear a shout! x2
You hear a deafening roar!
You block the spriggan air mage's attack.
A rakshasa comes into view. It is wielding a +0 trident.
Sojobo misses you. You furiously retaliate!
You headbutt Sojobo!! Sojobo pecks you.
* * * LOW HITPOINT WARNING * * *
You block Sojobo's attack.
Unknown command.
You closely miss Sojobo. You headbutt Sojobo!
Sojobo is almost dead.
You slice the tengu reaver!! You barely miss the spriggan air mage.
The ice dragon roars deafeningly!
The brown ugly thing gurgles horribly!
You hear a deafening roar!
You hear a horrible gurgling sound! x2
The spriggan berserker utters an invocation to Trog.
The spriggan berserker goes berserk!
A tengu comes into view.
Unknown command.
The ice dragon roars deafeningly!
You carve the tengu reaver like a turkey!!!
Your headbutt misses the tengu reaver.
The tengu reaver is almost dead.
You completely miss the spriggan air mage.
You closely miss Sojobo.
The fire dragon roars deafeningly!
The tengu shouts!
You hear a shout! x2
The tengu changes into a two-headed ogre!
The spriggan air mage closely misses you.
A frost giant comes into view.
It is wielding a +0 battleaxe of freezing.
The tengu reaver gestures at you while chanting.
The bolt of acid hits you!!
You die...

######...###..##********,*,
######.O.#(#C#..,,,,,,,*,*,
######...#.#R#####*****,,*,
######...u...##...,,,,,*,,,
######.....D...###*****,,,,
######....X.CC....,,,,,,,,,
##########.iDC..#**,,,,,,,,
#########iQQ#....,,,,,,,,,,
##########@.##.$.,,,,,,,,,,
##########..###.,,*,,,,,,,,
###########.###.,,,,,,,,,,,
###########.##.#**,*,,,,,,,
##########.#### ****,,,,,,
## **,*****, **,**** *,
*,***,***, *** **,,,,


You could see Sojobo (repels missiles), a tentacled monstrosity, a frost giant,
a fire dragon (wandering, unable to see you), an ice dragon (wandering, unable
to see you), 3 stone giants, a tengu reaver (repels missiles), a brown ugly
thing (wandering, unable to see you), a rakshasa, a two-headed ogre shaped
shifter (wandering, unable to see you), a spriggan berserker (berserk,
regenerating, strong-willed) and a spriggan air mage (repels missiles).

Vanquished Creatures
  Gastronok (D:8)
  Kirke (Lair:5)
  A tengu reaver (Depths:2)
  A fire giant (Depths:2)
  The ghost of Purphixowk the Carver, a journeyman DsGl of Makhleb (D:15)
  2 orc warlords
  An ironbound preserver (D:13)
  2 very ugly things (D:15)
  A stone giant (Depths:1)
  A minotaur (D:15)
  Snorg (Orc:1)
  Josephine (D:15)
  A great orb of eyes (D:15)
  A rakshasa (Depths:1)
  An ice dragon (Depths:1)
  5 hydras
  Erolcha (D:13)
  Erica (D:9)
  A spriggan air mage (Depths:1)
  2 catoblepae
  5 two-headed ogres
  4 boulder beetles
  5 centaur warriors
  A deep troll earth mage (Depths:1)
  2 tengu warriors
  29 death yaks
  2 orc high priests (Orc:2)
  A deep troll shaman (Lair:5)
  Urug (Lair:5)
  4 skeletal warriors (D:12)
  Lodul (D:13)
  A deep troll (Depths:1)
  2 glowing orange brains
  An arcanist (D:15)
  A necromancer (IceCv)
  2 deep elf pyromancers
  7 orc knights
  11 ugly things
  4 cyclopes
  7 orc sorcerers
  A manticore (D:13)
  Maurice (Orc:1)
  A salamander (Depths:1)
  10 elephants
  3 meliai (D:14)
  3 black mambas
  A water nymph (shapeshifter) (D:15)
  An ice statue (IceCv)
  A cane toad (shapeshifter) (D:13)
  A gargoyle (D:12)
  Maggie (D:8)
  4 torpor snails (Lair:5)
  A kobold demonologist (D:11)
  Jeremiah (D:6)
  10 cane toads
  2 rime drakes
  12 ice devils (IceCv)
  An efreet (D:13)
  2 tengu conjurers (Depths:1)
  6 komodo dragons
  Psyche (D:8)
  2 anaconda simulacra (IceCv)
  10 trolls
  A hornet (D:9)
  Grinder (D:4)
  4 polar bears (Lair:5)
  20 blink frogs
  12 dream sheep
  Sigmund (D:4)
  16 slime creatures
  A dire elephant simulacrum (IceCv)
  10 wraiths
  Eustachio (D:4)
  2 vampires
  3 hogs (Lair:5)
  3 wyverns (D:9)
  36 yaks
  A steam dragon (D:6)
  6 basilisks
  3 death yak simulacra
  2 vampire mosquitoes (D:12)
  8 wargs
  4 nagas (Lair:2)
  2 harpy simulacra (IceCv)
  2 hydra simulacra (IceCv)
  2 acid dragons
  30 water moccasins
  2 sky beasts
  3 black bears
  26 orc warriors
  An ice beast (D:5)
  4 laughing skulls
  17 ogres
  4 wolves (Lair:5)
  4 centaurs
  The ghost of immersed the Sneak, an amateur KoBr (D:3)
  2 kobold brigands
  A scorpion (D:5)
  9 bullfrogs
  7 cane toad simulacra
  A two-headed ogre simulacrum (IceCv)
  3 wights (D:10)
  6 elephant simulacra (IceCv)
  10 killer bees
  3 electric eels (D:12)
  A jelly (D:4)
  A bullfrog skeleton (D:3)
  32 orc priests
  3 hounds
  Jessica (D:3)
  3 iguanas
  41 orc wizards
  2 sleepcaps
  Natasha (thrice) (D:2)
  2 polar bear simulacra
  4 spriggan simulacra (IceCv)
  A killer bee zombie (D:3)
  3 wolf simulacra (IceCv)
  Robin (D:3)
  3 gnolls (D:6)
  20 adders
  A white imp (IceCv)
  4 ufetubi
  3 dart slugs
  5 ribbon worms
  99 orcs
  3 endoplasms
  3 giant cockroaches
  14 goblins
  9 hobgoblins
  3 jackals (D:3)
  20 kobolds
  6 quokkas
  8 ball pythons
  3 bats
  A frilled lizard (D:1)
  13 rats
785 creatures vanquished.

Vanquished Creatures (collateral kills)
  2 ice devils (IceCv)
  A dire elephant simulacrum (IceCv)
  A death yak simulacrum (IceCv)
  A hydra simulacrum (IceCv)
  A polar bear simulacrum (IceCv)
6 creatures vanquished.

Vanquished Creatures (others)
  A deep troll earth mage (Depths:2)
  A human (Lair:5)
  An orc wizard (Orc:2)
3 creatures vanquished.

Grand Total: 794 creatures vanquished

Notes
Turn   | Place    | Note
-------+----------+-------------------------------------------
     0 | D:1      | hikkokomori the Minotaur Berserker began the quest for the
                  | Orb.
     0 | D:1      | Reached XP level 1. HP: 19/19 MP: 0/0
   177 | D:1      | Reached XP level 2. HP: 27/27 MP: 1/1
   182 | D:1      | Reached skill level 1 in Polearms
   596 | D:2      | Reached ** piety under Trog
   597 | D:2      | Reached XP level 3. HP: 33/33 MP: 2/2
   761 | D:2      | Found Xoholom's Armour Boutique.
   848 | D:2      | Noticed Natasha
   850 | D:2      | Killed Natasha
   854 | D:2      | Noticed Natasha
   859 | D:2      | Killed Natasha
   860 | D:2      | Reached skill level 5 in Fighting
   860 | D:2      | Reached XP level 4. HP: 37/42 MP: 3/3
   888 | D:2      | Noticed Natasha
   915 | D:2      | Killed Natasha
  1209 | D:3      | Reached XP level 5. HP: 48/48 MP: 4/4
  1270 | D:3      | Noticed Robin
  1281 | D:3      | Killed Robin
  1315 | D:3      | Reached *** piety under Trog
  1316 | D:3      | Noticed Jessica
  1325 | D:3      | Killed Jessica
  1332 | D:3      | Reached XP level 6. HP: 29/60 MP: 5/5
  1431 | D:3      | Found a glowing silver altar of Zin.
  1580 | D:3      | Found a runed translucent gate.
  1580 | D:3      | Found a runed translucent gate.
  1581 | D:3      | Found a runed translucent gate.
  1583 | D:3      | Noticed immersed's ghost (amateur KoBr)
  1674 | D:3      | Found a bloodstained altar of Trog.
  1699 | D:3      | Found Idotreon's One-of-a-Kind Rings.
  1751 | D:3      | Killed immersed's ghost
  1801 | D:4      | Noticed Sigmund
  1809 | D:4      | Killed Sigmund
  1810 | D:4      | Reached XP level 7. HP: 70/70 MP: 6/6
  1840 | D:4      | Noticed Grinder
  1860 | D:4      | Killed Grinder
  1898 | D:4      | Reached skill level 10 in Fighting
  2139 | D:4      | Noticed Eustachio
  2154 | D:4      | Killed Eustachio
  2155 | D:4      | Reached XP level 8. HP: 75/81 MP: 7/7
  2216 | D:4      | Reached **** piety under Trog
  2501 | D:5      | Entered Level 5 of the Dungeon
  2554 | D:5      | Found a staircase to the Ecumenical Temple.
  2681 | D:5      | Found a sparkling altar of Nemelex Xobeh.
  2682 | D:5      | Found an opulent altar of Gozag.
  2702 | D:5      | Found a hazy altar of Hepliaklqana.
  3170 | D:6      | Noticed Jeremiah
  3196 | D:6      | Killed Jeremiah
  3197 | D:6      | Reached skill level 5 in Polearms
  3197 | D:6      | Reached XP level 9. HP: 78/93 MP: 8/8
  3231 | D:6      | Found a broken altar of Ashenzari.
  3717 | D:6      | Found a shimmering altar of Xom.
  4361 | D:7      | Identified the +6 hand axe of Qoas {elec, rPois Will+}
  4391 | D:7      | Reached skill level 5 in Axes
  4392 | D:7      | Reached skill level 5 in Dodging
  4397 | D:7      | Killed a large slime creature
  4398 | D:7      | Reached XP level 10. HP: 13/101 MP: 9/9
  4989 | D:7      | Found a blossoming altar of Fedhas.
  5186 | D:2      | Bought a +2 pair of boots of flying for 279 gold pieces
  5186 | D:2      | Bought a +1 buckler of protection for 214 gold pieces
  5331 | D:8      | Noticed Maggie
  5332 | D:8      | Noticed Gastronok
  5344 | D:8      | Killed Maggie
  5351 | D:8      | Killed Gastronok
  5400 | D:8      | Found a snail-covered altar of Cheibriados.
  5408 | D:8      | Noticed a centaur warrior
  5418 | D:8      | Killed a centaur warrior
  5419 | D:8      | Reached skill level 5 in Shields
  5495 | D:8      | Found a glowing golden altar of the Shining One.
  5504 | D:8      | Found a sacrificial altar of Ru.
  5594 | D:8      | Noticed Psyche
  5603 | D:8      | Killed Psyche
  5637 | D:8      | Found a white marble altar of Elyvilon.
  5702 | D:8      | Found Daenufrisu's Jewellery Shop.
  5951 | D:9      | Noticed a centaur warrior
  5958 | D:9      | Noticed a two-headed ogre
  5969 | D:9      | Killed a two-headed ogre
  6038 | D:9      | Noticed a cyclops
  6056 | D:9      | Killed a cyclops
  6057 | D:9      | Reached XP level 11. HP: 96/107 MP: 10/10
  6068 | D:9      | Noticed a boulder beetle
  6119 | D:9      | Killed a centaur warrior
  6120 | D:9      | Reached skill level 10 in Axes
  6123 | D:9      | Reached skill level 5 in Armour
  6189 | D:9      | Noticed Erica
  6198 | D:9      | Killed Erica
  6199 | D:9      | Reached skill level 1 in Evocations
  6286 | D:9      | Killed a boulder beetle
  6415 | D:9      | Reached ***** piety under Trog
  6420 | D:9      | Noticed a two-headed ogre
  6429 | D:9      | Killed a two-headed ogre
  6925 | D:10     | Entered Level 10 of the Dungeon
  6956 | D:10     | Found a staircase to the Orcish Mines.
  7034 | D:10     | Found a stormy altar of Qazlal.
  7046 | D:10     | Noticed a two-headed ogre
  7052 | D:10     | Killed a two-headed ogre
  7098 | D:10     | Reached skill level 5 in Evocations
  7240 | D:10     | Noticed a two-headed ogre
  7248 | D:10     | Killed a two-headed ogre
  7429 | D:11     | Found a shimmering altar of Xom.
  7443 | D:11     | Found a shimmering altar of Xom.
  7444 | D:11     | Found a shimmering altar of Xom.
  7444 | D:11     | Found a shimmering altar of Xom.
  7445 | D:11     | Found a shimmering altar of Xom.
  7527 | D:11     | Found Tarucanteg's Antique Armour Boutique.
  7541 | D:11     | Found Iphir's General Store.
  7552 | D:11     | Reached XP level 12. HP: 104/115 MP: 11/11
  7792 | D:11     | Found a staircase to the Lair.
  7838 | D:11     | Received a gift from Trog
  7983 | Lair:1   | Entered Level 1 of the Lair of Beasts
  8204 | Lair:1   | Noticed a death yak
  8204 | Lair:1   | Noticed a death yak
  8204 | Lair:1   | Noticed a death yak
  8204 | Lair:1   | Noticed a death yak
  8204 | Lair:1   | Noticed a death yak
  8206 | Lair:1   | Noticed a death yak
  8214 | Lair:1   | Killed a death yak
  8214 | Lair:1   | Killed a death yak
  8215 | Lair:1   | Killed a death yak
  8215 | Lair:1   | Killed a death yak
  8216 | Lair:1   | Killed a death yak
  8218 | Lair:1   | Killed a death yak
  8354 | Lair:1   | Identified the +0 ring mail "Vuhaq" {rElec rPois rC+}
  8439 | Lair:1   | Noticed a death yak
  8440 | Lair:1   | Noticed a death yak
  8442 | Lair:1   | Noticed a death yak
  8452 | Lair:1   | Killed a death yak
  8460 | Lair:1   | Killed a death yak
  8464 | Lair:1   | Killed a death yak
  8829 | Lair:2   | Found a hide-covered altar of Uskayaw.
  8829 | Lair:2   | Found an ornate altar of the Wu Jian Council.
  8829 | Lair:2   | Noticed a boulder beetle
  8847 | Lair:2   | Killed a boulder beetle
  8848 | Lair:2   | Reached XP level 13. HP: 59/122 MP: 12/12
  8918 | Lair:2   | Found a staircase to the Shoals.
  8984 | Lair:2   | Found a staircase to the Snake Pit.
  9175 | Lair:2   | Reached skill level 10 in Evocations
  9852 | Lair:3   | Received a gift from Trog
 10209 | Lair:3   | Reached skill level 15 in Fighting
 10801 | Lair:4   | Found a frozen archway.
 10822 | IceCv    | Entered an ice cave
 10920 | IceCv    | Found an ancient bone altar of Kikubaaqudgha.
 10935 | IceCv    | Reached skill level 10 in Dodging
 10946 | IceCv    | Reached XP level 14. HP: 136/136 MP: 13/13
 11516 | IceCv    | Got the Elucidation of the Wendigo and Stolen Souls
 11816 | Lair:4   | Found a hide-covered altar of Uskayaw.
 12207 | Lair:4   | Received a gift from Trog
 12215 | Lair:4   | Reached skill level 10 in Armour
 12367 | Lair:5   | Entered Level 5 of the Lair of Beasts
 12414 | Lair:5   | Noticed Urug
 12439 | Lair:5   | Killed Urug
 12440 | Lair:5   | Reached skill level 1 in Stealth
 12502 | Lair:5   | Noticed Kirke
 12507 | Lair:5   | Killed Kirke
 12772 | Lair:5   | Found a snail-covered altar of Cheibriados.
 12891 | Lair:5   | Found a staircase to the Slime Pits.
 13450 | Lair:5   | Found a snail-covered altar of Cheibriados.
 13660 | Lair:5   | Identified the +1 helmet of Zin's Scorn {Slay+3}
 13983 | Orc:1    | Entered Level 1 of the Orcish Mines
 13984 | Orc:1    | Received a gift from Trog
 14004 | Orc:1    | Reached XP level 15. HP: 133/144 MP: 14/14
 14134 | Orc:1    | Found Aarghies's Alliterative Armaments.
 14355 | Orc:2    | Entered Level 2 of the Orcish Mines
 14598 | Orc:2    | Reached ****** piety under Trog
 14610 | Orc:2    | Identified the +11 demon trident of Springtime {flame,
                  | Will+} (Trog gifted it to you on level 2 of the Orcish
                  | Mines)
 14610 | Orc:2    | Received a gift from Trog
 14750 | Orc:2    | Found Kivoes's Antique Weapon Shop.
 14750 | Orc:2    | Found Sete's General Store.
 14751 | Orc:2    | Found Fup Lece's Assorted Antiques.
 14761 | Orc:2    | Found Xuaxzol's Armour Boutique.
 15020 | Orc:1    | Noticed Maurice
 15020 | Orc:1    | Noticed Snorg
 15031 | Orc:1    | Killed Maurice
 15038 | Orc:1    | Killed Snorg
 15235 | Orc:2    | Found Eqikk's Antique Armour Shop.
 15267 | Orc:2    | Found a staircase to the Elven Halls.
 15620 | Orc:2    | Bought a +0 pair of gloves for 76 gold pieces
 15827 | D:12     | Identified the ring of Moufioc {Wiz Stlth+}
 15978 | D:12     | Reached skill level 10 in Polearms
 16425 | D:12     | Received a gift from Trog
 16669 | D:13     | Noticed Lodul
 16690 | D:13     | Killed Lodul
 16749 | D:13     | Found a gate to the Vaults.
 17071 | D:13     | Noticed Erolcha
 17092 | D:13     | Killed Erolcha
 17741 | D:14     | Reached skill level 15 in Armour
 17847 | D:14     | Identified the +2 pair of gloves of Whack-A-Mole {*Corrode
                  | rN+ Will+ SInv}
 18195 | D:14     | Reached skill level 15 in Axes
 18311 | D:15     | Entered Level 15 of the Dungeon
 18346 | D:15     | Noticed Josephine
 18365 | D:15     | Killed Josephine
 18608 | D:15     | Found a runed translucent gate.
 18609 | D:15     | Found a runed translucent gate.
 18610 | D:15     | Found a runed translucent gate.
 18613 | D:15     | Noticed Purphixowk's ghost (journeyman DsGl)
 18900 | D:15     | Reached XP level 16. HP: 151/151 MP: 15/15
 18990 | D:15     | Found a staircase to the Depths.
 19045 | D:15     | Killed Purphixowk's ghost
 19046 | D:15     | Reached skill level 10 in Shields
 19352 | Depths:1 | Entered Level 1 of the Depths
 19446 | Depths:1 | Received a gift from Trog
 19509 | Depths:1 | You are sucked into a shaft and drop 1 floor!
 19509 | Depths:2 | Noticed a tengu reaver
 19510 | Depths:2 | Noticed Sojobo
 19521 | Depths:2 | Noticed a tengu reaver
 19528 | Depths:2 | Noticed a tentacled monstrosity
 19530 | Depths:2 | Killed a tengu reaver
 19534 | Depths:2 | Killed from afar by a tengu reaver

Illustrated notes

Levels and vault maps discovered:
D:1:      eino_arrival_water_star, layout_rooms, chequers_serial_rivers_micro_a,
          lexackson_kobold_supper
D:2:      layout_loops_ring, serial_shops,
          nicolae_shop_temple_entry_statues_fountains, hangedman_feature_mirror,
          skrybe_limestone_x, uniq_natasha
D:3:      layout_basic, marbit_many_paths, mainiacjoe_overflow_cross_hatched,
          gammafunk_ghost_necromancy, nicolae_shop_unique_rings, uniq_robin,
          uniq_jessica
D:4:      minmay_opposing_rooms, layout_basic, uniq_grinder, uniq_eustachio,
          uniq_sigmund
D:5:      layout_rooms, nicolae_hepliaklqana_hazy_memory,
          grunt_temple_overflow_opulence, minmay_temple_entry_proselytizer,
          serial_corexii_hall, corexii_hall_statues_deadend,
          chequers_hall_statues_y
D:6:      kennysheep_six_static_rooms, layout_loops_corners,
          nicolae_ashenzari_skybound, lemuel_round_altar, uniq_jeremiah
D:7:      layout_gridville, mainiacjoe_overflow_alcove_2, dk_noncrumbling_4,
          grunt_decor_arrowhead, minmay_gold_behind_fungi,
          kb_lookout_dungeons_type, grunt_ministairs_1,
          serial_library_regret_index_double_sided,
          chequers_serial_rivers_micro_d
D:8:      layout_gridville, lemuel_tele_altar, mainiacjoe_overflow_alcove_1,
          nicolae_overflow_crystal_walls, elyvilon_altar_4, serial_shops,
          nicolae_inconvenience_store, minmay_misc_feat_rows,
          small_chamber_with_monster, uniq_psyche, uniq_maggie, uniq_gastronok
D:9:      layout_irregular_city, minmay_diamond_spiral, uniq_erica
D:10:     layout_big_octagon, nicolae_qazlal_scattered_showers, orc_0_dummy
D:11:     layout_gridville, lair_entry_dummy, serial_shops, nicolae_shop_stone,
          nicolae_shop_back_alley_shop, xom_shifter_show
D:12:     layout_basic
D:13:     layout_gridville, hellmonk_vaults_order_and_chaos, uniq_erolcha,
          uniq_lodul
D:14:     layout_irregular_city, minmay_misc_feat_pillars
D:15:     gammafunk_enter_depths_forms, layout_basic,
          maelrawn_ghost_gauntlet_escape, uniq_josephine
Lair:1:   layout_cave_shapes, nicolae_lair_grazing_beasts
          [nicolae_sub_lair_graze_edge, nicolae_sub_lair_graze_edge,
          nicolae_sub_lair_graze_edge, nicolae_sub_lair_graze_edge]
Lair:2:   layout_cave_pods, elwin_shoals_entry_rocks,
          minmay_snake_entry_guardpost_small, minivault_19,
          nzn_masters_of_martial_movement
Lair:3:   layout_gridlike
Lair:4:   lemuel_reptile_caves, layout_regular_city,
          portal_ice_cave_entry_ice_simulacra, basic_altar, grunt_megastairs_2
Lair:5:   grunt_lair_end_beastmaster, layout_regular_city,
          minmay_slime_entry_oklob_enclosed, basic_altar,
          kennysheep_snail_temple, uniq_urug, uniq_kirke
Orc:1:    layout_caves, monkooky_shop_alliterative, uniq_maurice, uniq_snorg
Orc:2:    st_orc_mages, layout_diamond_mine, serial_shops,
          nicolae_shop_tiny_real_fake_doors
Depths:1: layout_cave_pools, nicolae_abyss_entry_one_way_or_another,
          grunt_pan_entry_spiral, grunt_hell_entry_dis_mu, serial_shops,
          nicolae_lakefront_shop, old_standard_altar, serial_bayou_pond_c,
          corexii_corridor_pit, amcnicky_mini_rare_corridor_liquid, zin_academy
Depths:2: minmay_the_grid_octo_tiled_squarecenter_mashed
          [minmay_the_grid_octo_clover, minmay_the_grid_octo_pinwheel,
          minmay_the_grid_octo_focus, minmay_the_grid_octo_toaster,
          minmay_the_grid_square_5x5_megaprize_checkered,
          minmay_the_grid_square_5x5_shrine2,
          minmay_the_grid_square_5x5_inner_v,
          minmay_the_grid_square_5x5_minibox,
          minmay_the_grid_square_5x5_trominoes], layout_cave_shapes, pan_entry,
          trove_entry_hex_spiral, hell_entry, nemelex_lonely_heart_becter,
          infiniplex_staircase_zigzag_5, serial_bayou_shore_b, uniq_sojobo

Skill      XL: |  1  2  3  4  5  6  7  8  9 10 11 12 13 14 15 16 |
---------------+-------------------------------------------------+-----
Fighting       | 4 5 7 9 10 13 15 16 | 16.0
Polearms       | 1 3 5 8 11 | 11.0
Armour         | 3 4 9 12 15 | 15.0
Dodging        | 5 6 10 12 | 12.0
Axes           | 6 9 10 13 14 15 16 | 16.5
Shields        | 6 7 9 10 | 10.9
Evocations     | 5 9 10 | 10.0
Stealth        | 3 |  3.1

Action                     |  1- 3 |  4- 6 |  7- 9 | 10-12 | 13-15 | 16-18 || total
---------------------------+-------+-------+-------+-------+-------+-------++-------
  Melee: Hand axe          |     7 |    12 |    16 |   336 |  1041 |    61 ||  1473
         Trident           |    55 |    81 |   231 |       |    14 |       ||   381
         Headbutt          |     4 |    10 |    39 |    82 |   328 |    38 ||   501
         Punch             |       |     1 |       |     2 |       |       ||     3
         Broad axe         |       |       |       |       |    90 |    59 ||   149
         Demon trident     |       |       |       |       |   107 |       ||   107
  Throw: Dart              |       |       |       |       |     1 |       ||     1
 Invoke: Berserk           |       |     3 |     3 |     2 |     9 |     4 ||    21
         Trog's Hand       |       |       |     2 |     1 |     1 |       ||     4
         Brothers in Arms  |       |       |       |       |     1 |       ||     1
  Evoke: Wand              |       |       |       |     2 |     9 |     2 ||    13
         Lightning rod     |       |       |       |     6 |     5 |     1 ||    12
         Tin of tremorston |       |       |       |       |     4 |       ||     4
    Use: Potion            |       |     1 |       |       |       |     2 ||     3
         Scroll            |       |     9 |     2 |     6 |    13 |     3 ||    33
   Stab: Distracted        |       |       |       |       |     3 |       ||     3
 Armour: Animal skin       |     4 |       |       |       |       |       ||     4
         Ring mail         |    19 |    32 |       |       |       |       ||    51
         Scale mail        |       |    37 |    38 |       |       |       ||    75
         Leather armour    |       |       |   132 |    23 |       |       ||   155
         Swamp dragon scal |       |       |       |   164 |   577 |    82 ||   823
         Chain mail        |       |       |       |       |    17 |       ||    17
  Dodge: Dodged            |    27 |    55 |   110 |   160 |   549 |    52 ||   953
  Block: Buckler           |       |       |       |    77 |   223 |       ||   300
         Kite shield       |       |       |       |       |   135 |    59 ||   194
